 Dungeon Crawl Stone Soup version 0.27-a0-1196-g3e9cee4cb2 (webtiles) character file.

Game seed: 6101932123575762308

259 wakim the Ruffian (level 5, -4/53 HPs)
             Began as a Troll Fighter on May 27, 2021.
             Splashed by Ijyb's acid (6 damage)
             ... on level 3 of the Dungeon.
             The game lasted 00:07:02 (2405 turns).

wakim the Ruffian (Troll Fighter)                   Turns: 2405, Time: 00:07:03

Health: -4/53      AC:  4    Str: 25    XL:     5   Next: 95%
Magic:  4/4        EV:  8    Int:  4    God:
Gold:   170        SH:  9    Dex:  9    Spells: 4/4 levels left

rFire    . . .     SeeInvis .     - Unarmed
rCold    + . .     Faith    .   b - +0 kite shield
rNeg     . . .     Spirit   .   a - +0 robe
rPois    .         Reflect  .   (helmet restricted)
rElec    .         Harm     .   (no cloak)
rCorr    .         Rampage  .   (gloves unavailable)
Will     .....                  (boots unavailable)
Stlth    +.........             (no amulet)
HPRegen  1.17/turn              i - ring of protection from cold
MPRegen  0.09/turn              (no ring)

@: no status effects
A: large, unfitting armour, claws 3, regeneration 1, shaggy fur 1, tough skin 1
a: no special abilities


You were on level 3 of the Dungeon.
You visited 1 branch of the dungeon, and saw 3 of its levels.

You collected 170 gold pieces.

Inventory:

Armour
 a - a +0 robe (worn)
 b - a +0 kite shield (worn)
Jewellery
 i - a ring of protection from cold (left claw)
Scrolls
 r - 2 scrolls of identify
 T - 2 scrolls of teleportation
Potions
 h - a potion of flight {unknown}
 F - 2 potions of curing
 N - a potion of might


   Skills:
 + Level 3.1 Fighting
 + Level 3.1 Dodging
 * Level 3.7 Shields
 * Level 3.9 Unarmed Combat


You had 4 spell levels left.
You didn't know any spells.
Your spell library contained the following spells:

 Spells                   Type           Power      Damage    Failure   Level
 Summon Small Mammal      Summ           0%         N/A       87%         1
 Call Imp                 Summ           0%         N/A       95%         2
 Call Canine Familiar     Summ           0%         N/A       99%         3
 Summon Guardian Golem    Hex/Summ       0%         N/A       99%         3
 Summon Ice Beast         Ice/Summ       0%         N/A       100%        4
 Summon Lightning Spire   Summ/Air       0%         N/A       100%        4


Dungeon Overview and Level Annotations

Branches:
Dungeon (3/15)

Altars:

Shops:
D:2 =

Annotations:
D:3 Ijyb


Innate Abilities, Weirdness & Mutations

You are too large for most types of armour.
You have claws for hands.
Your natural rate of healing is unusually fast.
You are covered in fur. (AC +1)
You have tough skin. (AC +1)


Message History

Things that are here:
a +0 club; an orc corpse
There is a stone staircase leading down here.
You climb downwards.
Level annotation: Ijyb The orc completely misses you.
The orc hits you but does no damage.
Ijyb zaps a wand.
The bolt of acid hits the orc.
The orc is splashed with acid.
The acid corrodes the orc!
The orc dies!
The bolt of acid hits you!
You are splashed with acid!!
* * * LOW HITPOINT WARNING * * *
There is a stone staircase leading up here.
You block the orc's attack.
You climb upwards.
There is a stone staircase leading down here.
You barely miss the orc. You block the orc's attack.
You scratch the orc.
The orc is almost dead.
The orc hits you with a +0 dagger.
* * * LOW HITPOINT WARNING * * *
You scratch the orc.
You kill the orc!
You see here a +0 dagger.
HP restored.
Done exploring.
There is a stone staircase leading down here.
You climb downwards.
Level annotation: Ijyb
There is a stone staircase leading up here.
Ijyb zaps a wand.
The bolt of acid hits you!!
You are splashed with acid!
* * * LOW HITPOINT WARNING * * *
You scratch Ijyb.
Ijyb is moderately wounded.
Ijyb zaps a wand.
The bolt of acid hits you!!
* * * LOW HITPOINT WARNING * * *
You are splashed with acid.
You die...

..... .....
############......
#..........#......
#.................
##..........#......
#####..................
.......<...............
######.@(..)...........
#.gS.......#######
#...........######
#####o##.##......##
#o##)##........
#######....#..####..#
.............######..
####..#.###..........
##.##S# #.(........


You could see Ijyb, 2 orcs and a ball python.

Vanquished Creatures
  A jelly (D:3)
  3 orc priests
  Jessica (D:3)
  An orc wizard (D:1)
  2 adders
  A worm (D:2)
  8 orcs
  5 ball pythons
  6 endoplasms
  2 giant cockroaches (D:2)
  3 goblins (D:3)
  4 hobgoblins
  10 jackals
  5 bats
  5 frilled lizards
  A kobold (D:1)
  7 rats
65 creatures vanquished.

Vanquished Creatures (others)
  An orc (D:3)
1 creature vanquished.

Grand Total: 66 creatures vanquished

Notes
Turn   | Place    | Note
-------+----------+-------------------------------------------
     0 | D:1      | wakim the Troll Fighter began the quest for the Orb.
     0 | D:1      | Reached XP level 1. HP: 22/22 MP: 0/0
    17 | D:1      | Found a faded altar of an unknown god.
   140 | D:1      | Reached XP level 2. HP: 29/29 MP: 1/1
  1035 | D:2      | Found Osodoewevi's Jewellery Boutique.
  1263 | D:2      | Reached XP level 3. HP: 33/36 MP: 2/2
  1450 | D:1      | Reached XP level 4. HP: 42/44 MP: 3/3
  1995 | D:3      | Noticed Jessica
  2051 | D:3      | Noticed Ijyb
  2161 | D:3      | Reached XP level 5. HP: 49/52 MP: 4/4
  2308 | D:3      | Killed Jessica
  2405 | D:3      | HP: 2/53 [Ijyb/bolt of acid (20)]
  2405 | D:3      | Splashed by Ijyb's acid

Illustrated notes

Levels and vault maps discovered:
D:1:      dpeg_arrival_simpleton_b, layout_loops_ring,
          hellmonk_ecumenical_altar_blasted, minmay_hexomino_f4
D:2:      cheibrodos_pilgrimage, layout_loops_corners, serial_shops,
          nicolae_shop_waterfront
D:3:      layout_rooms, uniq_natasha, uniq_jessica, uniq_ijyb

Skill      XL: |  1  2  3  4  5 |
---------------+----------------+-----
Shields        | 3 |  3.7
Unarmed Combat | 3 |  3.9
Dodging        | 3 |  3.1
Fighting       | 3 |  3.1

Action                   |  1- 3 |  4- 6 || total
-------------------------+-------+-------++-------
Melee: Unarmed           |   104 |   116 ||   220
  Use: Scroll            |     4 |       ||     4
Armor: Robe              |    27 |    33 ||    60
Dodge: Dodged            |    29 |    46 ||    75
Block: Kite shield       |    48 |    63 ||   111

Table legend: (Time is in decaauts)
 A = Elapsed time spent in this place.
 B = Non-inter-level travel time spent in this place.
 C = Inter-level travel time spent in this place.
 D = Time resting spent in this place.
 E = Time spent auto-exploring this place.
 F = Levels seen in this place.
 G = Mean time per level.
                   A        B        C        D        E       F      G
               +--------+--------+--------+--------+--------+-----+--------+
         Total |   2445 |   2287 |    158 |      0 |   1689 |   3 |  815.0 |
       Dungeon |   2445 |   2287 |    158 |      0 |   1689 |   3 |  815.0 |
               +--------+--------+--------+--------+--------+-----+--------+

Top non-repeatable levels by time:
     D:2: 1311 daAuts
     D:1: 949 daAuts
     D:3: 184 daAuts
